Vancouver Canucks vs Colorado Rockies

Created - Tuesday, January 20, 2026 at 08:14

Goals
1 2 3 T
Vancouver Canucks 2 1 1 4
Colorado Rockies 0 1 1 2
Shots
1 2 3 T
Vancouver Canucks 8 16 13 37
Colorado Rockies 12 14 9 35

1st period

1. Vancouver Canucks , Anton Lundell 1 (Connor Zary 3, Aleksander Barkov 2) at 0:40
2. Vancouver Canucks , Anton Lundell 2 (Jake Bean 2, Aleksander Barkov 3) at 12:34

Penalties :
Vince Dunn (COL) for Interference (Minor) at 4:23, Casey Mittelstadt (VAN) for Roughing (Minor) at 17:49

2nd period

3. Colorado Rockies , Casey Cizikas 1 (Quinn Hughes 2, Darren Raddysh 3) at 3:40
4. Vancouver Canucks , Sean Couturier 2 (Jesperi Kotkaniemi 2) at 13:48

Penalties :
Jesper Bratt (COL) for Hooking (Minor) at 5:00

3rd period

5. Colorado Rockies , Danton Heinen 2 (Darren Raddysh 4) at 6:59
6. Vancouver Canucks , Mikko Rantanen 3 (Clayton Keller 3, Ryan McDonagh 2) at 18:45 (Empty Net)

Penalties :
Vince Dunn (COL) for Holding (Minor) at 0:30, Artturi Lehkonen (VAN) for Roughing (Minor) at 7:28, Quinn Hughes (COL) for High sticking (Minor) at 12:07

Goalie Stats

Cam Talbot (VAN), 33 saves from 35 shots - (0.943), W, 2-2-0, 60:00 minutes
Arvid Soderblom (COL), 33 saves from 36 shots - (0.917), L, 0-3-0, 59:52 minutes

Players Stats for Vancouver Canucks

Player Name              G  A  P  +/- PIM S  H  SB GA TA FO     MP     PP MP  PK MP  
------------------------------------------------------------------------------------
Aleksander Barkov        0  2  2   1  0   1  2  0  0  0  7/11   16:44   4:20   1:55 
Anton Lundell            2  0  2   1  0   3  3  0  0  0  0/3    12:29   0:00   1:58 
Artturi Lehkonen         0  0  0   0  2   2  0  0  0  1  1/1    21:22   3:36   0:56 
Bobby McMann             0  0  0   1  0   2  2  0  0  0  0/0    10:21   0:00   0:00 
Brett Leason             0  0  0   0  0   4  0  0  2  0  0/0    11:43   0:00   1:37 
Casey Mittelstadt        0  0  0   0  2   2  2  0  0  0  4/9    14:59   3:36   0:24 
Clayton Keller           0  1  1   0  0   2  1  1  1  0  7/17   20:33   4:20   0:14 
Connor Zary              0  1  1   1  0   4  1  0  0  0  1/1    15:18   3:36   0:00 
Emil Martinsen Lilleberg 0  0  0   1  0   0  2  1  0  0  0/0    12:32   0:00   0:00 
Jake Bean                0  1  1   1  0   4  0  0  0  1  0/0    12:32   0:00   0:00 
Jesperi Kotkaniemi       0  1  1   1  0   1  1  0  0  1  1/1    12:10   0:00   0:52 
Joel Hanley              0  0  0   2  0   1  1  1  0  0  0/0    20:53   3:27   2:11 
Matias Maccelli          0  0  0   0  0   3  2  0  0  0  0/0    10:06   0:00   0:00 
Mikko Rantanen           1  0  1   0  0   4  2  0  0  0  2/3    20:08   4:20   0:00 
Miro Heiskanen           0  0  0  -1  0   2  2  1  0  1  0/0    26:35   4:29   1:47 
Noah Hanifin             0  0  0  -1  0   1  1  1  0  1  0/0    26:35   4:29   1:47 
Ryan McDonagh            0  1  1   2  0   0  1  2  0  1  0/0    20:53   3:27   2:11 
Sean Couturier           1  0  1   1  0   1  1  1  0  1  2/9    10:07   0:00   0:00 

Players Stats for Colorado Rockies

Player Name              G  A  P  +/- PIM S  H  SB GA TA FO     MP     PP MP  PK MP  
------------------------------------------------------------------------------------
Andrew Peeke             0  0  0   0  0   0  0  2  0  0  0/0    21:40   0:00   3:58 
Cam Fowler               0  0  0   0  0   0  1  2  0  0  0/0    21:06   2:15   3:58 
Casey Cizikas            1  0  1   1  0   5  6  2  0  0  12/18  16:31   0:00   3:53 
Danton Heinen            1  0  1   1  0   3  0  1  1  0  0/0    12:27   0:00   0:00 
Darren Raddysh           0  2  2   0  0   1  1  1  1  0  0/0    22:02   2:15   3:58 
David Pastrnak           0  0  0  -2  0   4  0  1  1  0  0/1    13:36   2:04   0:00 
Elias Pettersson         0  0  0  -2  0   2  1  0  0  0  6/13   17:35   1:54   3:53 
Jesper Bratt             0  0  0  -2  2   2  0  0  0  0  0/0    17:54   1:54   3:04 
Kevin Hayes              0  0  0  -1  0   0  1  0  0  1  5/9    12:54   0:00   0:43 
Kyle Connor              0  0  0   0  0   0  1  0  0  1  0/1    12:25   2:04   0:00 
Martin Fehervary         0  0  0  -2  0   3  0  1  0  0  0/0    21:29   1:43   3:58 
Michael Bunting          0  0  0  -1  0   2  1  0  0  0  2/3    12:11   0:00   0:00 
Nick Schmaltz            0  0  0  -1  0   1  1  0  1  1  0/0    14:11   1:54   0:16 
Pavel Dorofeyev          0  0  0   0  0   1  1  0  1  0  0/0    10:38   0:00   0:00 
Philipp Kurashev         0  0  0   1  0   2  0  0  1  0  0/0    12:27   0:00   0:00 
Quinn Hughes             0  1  1  -2  2   3  0  1  0  0  0/0    16:27   1:43   0:00 
Tim Stutzle              0  0  0   0  0   5  1  0  1  0  5/10   17:46   2:04   4:03 
Vince Dunn               0  0  0   0  4   1  1  2  0  0  0/0    18:41   0:00   0:00 

3 Stars

1 - Anton Lundell (VAN)
2 - Casey Cizikas (COL)
3 - Cam Talbot (VAN)

Power Play

Vancouver Canucks - 0 on 4 Attempt(s) - 0.00%
Colorado Rockies - 0 on 2 Attempt(s) - 0.00%

Penalty Kill

Vancouver Canucks - 2 on 2 Attempt(s) - 100.00% - Score 0 goal in Penalty Kill
Colorado Rockies - 4 on 4 Attempt(s) - 100.00% - Score 0 goal in Penalty Kill

Team Stat

Vancouver Canucks - Hits : 24 - Faceoff Wins : 25 - Blocked Shots : 8 - Penalty Minutes : 4
Colorado Rockies - Hits : 16 - Faceoff Wins : 30 - Blocked Shots : 13 - Penalty Minutes : 8

Official

Referees : Ian Walsh and Steve Kozari
Linesman : Jonathan Deschamps and Derek Nansen

Game Notes

Mikko Rantanen has scored in a empty net!

Finance

Level 1 -- Attendance: 5902 (98.37%) -- Ticket Income $531,180
Level 2 -- Attendance: 5000 (100.00%) -- Ticket Income $275,000
Level 3 -- Attendance: 2939 (97.97%) -- Ticket Income $102,865
Level 4 -- Attendance: 3650 (73.00%) -- Ticket Income $91,250
Luxury Box -- Attendance: 868 (86.80%) -- Ticket Income $151,900
Game was played at the Pepsi Center.
Total Attendance: 18359 (91.80%)
Total Ticket Income: $1,152,195
Other Income: $403,268
Total Income: $1,555,463

Vancouver Canucks

5 vs 5 Forward 
   Center                   Left Wing                Right Wing               Time % Phy DF OF 
 1 Clayton Keller           Artturi Lehkonen         Mikko Rantanen           37     1   1  3  
 2 Aleksander Barkov        Connor Zary              Anton Lundell            28     1   2  2  
 3 Sean Couturier           Jesperi Kotkaniemi       Bobby McMann             21     1   2  2  
 4 Casey Mittelstadt        Matias Maccelli          Brett Leason             14     1   3  1  

5 vs 5 Defense 
   Defense                  Defense                                           Time % Phy DF OF 
 1 Noah Hanifin             Miro Heiskanen                                    30     1   2  2  
 2 Ryan McDonagh            Joel Hanley                                       30     1   2  2  
 3 Jake Bean                Emil Martinsen Lilleberg                          25     1   2  2  
 4 Noah Hanifin             Miro Heiskanen                                    15     1   2  2  

PowerPlay Forward 
   Center                   Left Wing                Right Wing               Time % Phy DF OF 
 1 Aleksander Barkov        Clayton Keller           Mikko Rantanen           50     0   1  4  
 2 Casey Mittelstadt        Connor Zary              Artturi Lehkonen         50     0   1  4  

PowerPlay Defense
   Defense                  Defense                                           Time % Phy DF OF 
 1 Noah Hanifin             Miro Heiskanen                                    50     0   1  4  
 2 Ryan McDonagh            Joel Hanley                                       50     0   1  4  

Penalty Kill 4 Players Forward 
   Center                   Wing                     Time % Phy DF OF 
 1 Anton Lundell            Brett Leason             50     1   2  2  
 2 Aleksander Barkov        Artturi Lehkonen         50     1   2  2  

Penalty Kill 4 Players Defense
   Defense                  Defense                  Time % Phy DF OF 
 1 Ryan McDonagh            Joel Hanley              50     1   2  2  
 2 Noah Hanifin             Miro Heiskanen           50     1   2  2  

Penalty Kill - 3 Players Forward 
   Forward                                           Time % Phy DF OF 
 1 Anton Lundell                                     50     1   2  2  
 2 Brett Leason                                      50     1   2  2  

Penalty Kill - 3 Players Defense
   Defense                  Defense                  Time % Phy DF OF 
 1 Ryan McDonagh            Joel Hanley              50     1   2  2  
 2 Noah Hanifin             Miro Heiskanen           50     1   2  2  

4 vs 4 Forward 
   Center                   Wing                     Time % Phy DF OF 
 1 Clayton Keller           Mikko Rantanen           50     1   2  2  
 2 Aleksander Barkov        Artturi Lehkonen         50     1   2  2  

4 vs 4 Defense
   Defense                  Defense                  Time % Phy DF OF 
 1 Noah Hanifin             Miro Heiskanen           50     1   2  2  
 2 Ryan McDonagh            Joel Hanley              50     1   2  2  

Last Minutes Offensive
   Center                   Left Wing                Right Wing               Defense                  Defense                  
   Aleksander Barkov        Clayton Keller           Mikko Rantanen           Noah Hanifin             Miro Heiskanen           

Last Minutes Defensive
   Center                   Left Wing                Right Wing               Defense                  Defense                  
   Anton Lundell            Artturi Lehkonen         Brett Leason             Ryan McDonagh            Joel Hanley              

Goaltenders
Starting : Cam Talbot               
Backup : Justus Annunen           

Extra Forwards
Normal : Mikko Rantanen, Artturi Lehkonen, Clayton Keller - PP : Mikko Rantanen, Clayton Keller - PK : Anton Lundell
Extra Defensemen
Normal : Miro Heiskanen, Joel Hanley, Ryan McDonagh - PP : Miro Heiskanen - PK : Ryan McDonagh, Joel Hanley
Penalty Shots
Aleksander Barkov, Anton Lundell, Artturi Lehkonen, Jesperi Kotkaniemi, Mikko Rantanen

Scratches
Mavrik Bourque (Healthy), Jacob Bernard-Docker (Healthy), Jacob Bryson (Healthy)

Colorado Rockies

5 vs 5 Forward 
   Center                   Left Wing                Right Wing               Time % Phy DF OF 
 1 Tim Stutzle              Kyle Connor              Pavel Dorofeyev          25     0   1  4  
 2 Elias Pettersson         Jesper Bratt             David Pastrnak           25     0   2  3  
 3 Kevin Hayes              Nick Schmaltz            Michael Bunting          25     1   3  1  
 4 Casey Cizikas            Danton Heinen            Philipp Kurashev         25     1   3  1  

5 vs 5 Defense 
   Defense                  Defense                                           Time % Phy DF OF 
 1 Martin Fehervary         Quinn Hughes                                      33     1   2  2  
 2 Cam Fowler               Darren Raddysh                                    33     1   2  2  
 3 Vince Dunn               Andrew Peeke                                      33     1   2  2  
 4 Martin Fehervary         Quinn Hughes                                      1      1   2  2  

PowerPlay Forward 
   Center                   Left Wing                Right Wing               Time % Phy DF OF 
 1 Tim Stutzle              Kyle Connor              David Pastrnak           50     1   2  2  
 2 Elias Pettersson         Jesper Bratt             Nick Schmaltz            50     1   2  2  

PowerPlay Defense
   Defense                  Defense                                           Time % Phy DF OF 
 1 Martin Fehervary         Quinn Hughes                                      50     1   2  2  
 2 Cam Fowler               Darren Raddysh                                    50     1   2  2  

Penalty Kill 4 Players Forward 
   Center                   Wing                     Time % Phy DF OF 
 1 Tim Stutzle              Jesper Bratt             50     1   2  2  
 2 Casey Cizikas            Elias Pettersson         50     1   2  2  

Penalty Kill 4 Players Defense
   Defense                  Defense                  Time % Phy DF OF 
 1 Martin Fehervary         Darren Raddysh           50     1   2  2  
 2 Cam Fowler               Andrew Peeke             50     1   2  2  

Penalty Kill - 3 Players Forward 
   Forward                                           Time % Phy DF OF 
 1 Tim Stutzle                                       50     1   2  2  
 2 Casey Cizikas                                     50     1   2  2  

Penalty Kill - 3 Players Defense
   Defense                  Defense                  Time % Phy DF OF 
 1 Martin Fehervary         Darren Raddysh           50     1   2  2  
 2 Cam Fowler               Andrew Peeke             50     1   2  2  

4 vs 4 Forward 
   Center                   Wing                     Time % Phy DF OF 
 1 Tim Stutzle              David Pastrnak           50     1   2  2  
 2 Elias Pettersson         Kyle Connor              50     1   2  2  

4 vs 4 Defense
   Defense                  Defense                  Time % Phy DF OF 
 1 Martin Fehervary         Quinn Hughes             50     1   2  2  
 2 Cam Fowler               Andrew Peeke             50     1   2  2  

Last Minutes Offensive
   Center                   Left Wing                Right Wing               Defense                  Defense                  
   Tim Stutzle              Kyle Connor              David Pastrnak           Martin Fehervary         Darren Raddysh           

Last Minutes Defensive
   Center                   Left Wing                Right Wing               Defense                  Defense                  
   Tim Stutzle              Kyle Connor              David Pastrnak           Martin Fehervary         Darren Raddysh           

Goaltenders
Starting : Arvid Soderblom          
Backup : Joey Daccord             

Extra Forwards
Normal : Pavel Dorofeyev, Michael Bunting, Kevin Hayes - PP : Pavel Dorofeyev, Michael Bunting - PK : Kevin Hayes
Extra Defensemen
Normal : Vince Dunn, Darren Raddysh, Cam Fowler - PP : Vince Dunn - PK : Darren Raddysh, Cam Fowler
Penalty Shots
Tim Stutzle, David Pastrnak, Kyle Connor, Elias Pettersson, Jesper Bratt

Scratches
Daniil Tarasov (Healthy)

% Time on Ice - Vancouver Canucks

Lines # - Real PCT - Wanted PCT - Time Play
Normal Forward
1 - 33% - 37% - 16:02
2 - 25% - 28% - 11:51
3 - 21% - 21% - 10:07
4 - 21% - 14% - 10:06
Normal Defense
1 - 32% - 30% - 15:35
2 - 31% - 30% - 14:52
3 - 26% - 25% - 12:32
4 - 11% - 15% - 5:07
PP Forward
1 - 55% - 50% - 4:20
2 - 45% - 50% - 3:36
PP Defense
1 - 57% - 50% - 4:29
2 - 43% - 50% - 3:27
PK Forward
1 - 41% - 50% - 1:37
2 - 59% - 50% - 2:21
PK Defense
1 - 55% - 50% - 2:11
2 - 45% - 50% - 1:47
PK3 Forward
1 - 0% - 50%
2 - 0% - 50%
PK3 Defense
1 - 0% - 50%
2 - 0% - 50%
44 Forward
1 - 0% - 50%
2 - 0% - 50%
44 Defense
1 - 0% - 50%
2 - 0% - 50%
Last Minute Offensive  - 0:00
Last Minute Defensive  - 0:00
Total
Forward - 60:00
Defense - 60:00

% Time on Ice - Colorado Rockies

Lines # - Real PCT - Wanted PCT - Time Play
Normal Forward
1 - 24% - 25% - 11:40
2 - 25% - 25% - 11:48
3 - 25% - 25% - 12:11
4 - 26% - 25% - 12:27
Normal Defense
1 - 33% - 33% - 15:48
2 - 32% - 33% - 15:11
3 - 36% - 33% - 17:07
4 - 0% - 1% - 0:00
PP Forward
1 - 52% - 50% - 2:04
2 - 48% - 50% - 1:54
PP Defense
1 - 43% - 50% - 1:43
2 - 57% - 50% - 2:15
PK Forward
1 - 56% - 50% - 4:25
2 - 44% - 50% - 3:31
PK Defense
1 - 50% - 50% - 3:58
2 - 50% - 50% - 3:58
PK3 Forward
1 - 0% - 50%
2 - 0% - 50%
PK3 Defense
1 - 0% - 50%
2 - 0% - 50%
44 Forward
1 - 0% - 50%
2 - 0% - 50%
44 Defense
1 - 0% - 50%
2 - 0% - 50%
Last Minute Offensive  - 0:00
Last Minute Defensive  - 0:00
Total
Forward - 60:00
Defense - 60:00

Play-by-Play

1st period


0:01 of 1st period - Clayton Keller wins face-off versus Tim Stutzle in neutral zone.
0:04 of 1st period - Kyle Connor is hit by Miro Heiskanen.
0:33 of 1st period - Jesper Bratt is hit by Anton Lundell and loses puck.
0:38 of 1st period - Slapshot by Aleksander Barkov.
0:38 of 1st period - Deflect By Connor Zary.
0:38 of 1st period - Stopped by Arvid Soderblom with a rebound.
0:40 of 1st period - Snap shot by Anton Lundell.
0:40 of 1st period - Goal by Anton Lundell - Vancouver Canucks : 1 - Colorado Rockies : 0.
0:41 of 1st period - Sean Couturier wins face-off versus Michael Bunting in neutral zone.
0:50 of 1st period - Wrist shot by Bobby McMann.
0:50 of 1st period - Shot Misses the Net.
0:52 of 1st period - Slapshot by Ryan McDonagh.
0:52 of 1st period - Deflect By Bobby McMann.
0:52 of 1st period - Deflect By Cam Fowler.
0:52 of 1st period - Stopped by Arvid Soderblom with a rebound.
1:10 of 1st period - Casey Cizikas is hit by Matias Maccelli and loses puck.
1:27 of 1st period - Snap shot by David Pastrnak.
1:27 of 1st period - Shot Blocked by Ryan McDonagh.
3:05 of 1st period - Backhand shot by Tim Stutzle.
3:05 of 1st period - Shot Misses the Net.
3:27 of 1st period - Wrist shot by Connor Zary.
3:27 of 1st period - Stopped by Arvid Soderblom without a rebound.
3:28 of 1st period - Aleksander Barkov wins face-off versus Casey Cizikas in Colorado Rockies zone.
3:53 of 1st period - Jake Bean is hit by Pavel Dorofeyev and loses puck.
4:20 of 1st period - Slapshot by Mikko Rantanen.
4:20 of 1st period - Stopped by Arvid Soderblom without a rebound.
4:21 of 1st period - Elias Pettersson wins face-off versus Clayton Keller in Colorado Rockies zone.
4:23 of 1st period - Minor Penalty to Vince Dunn for Interference.
4:24 of 1st period - Tim Stutzle wins face-off versus Aleksander Barkov in Colorado Rockies zone.
4:28 of 1st period - Slapshot by Tim Stutzle.
4:28 of 1st period - Stopped by Cam Talbot with a rebound.
4:30 of 1st period - Wrist shot by Martin Fehervary.
4:30 of 1st period - Shot Blocked by Miro Heiskanen.
4:32 of 1st period - Wrist shot by Tim Stutzle.
4:32 of 1st period - Shot Misses the Net.
4:34 of 1st period - Backhand shot by Martin Fehervary.
4:34 of 1st period - Stopped by Cam Talbot without a rebound.
4:35 of 1st period - Casey Mittelstadt wins face-off versus Casey Cizikas in Vancouver Canucks zone.
4:40 of 1st period - Casey Cizikas is hit by Joel Hanley and loses puck.
6:23 of 1st period - Penalty to Vince Dunn is over, Vince Dunn is back on ice.
6:30 of 1st period - Artturi Lehkonen is hit by Vince Dunn and loses puck.
6:43 of 1st period - Wrist shot by Tim Stutzle.
6:43 of 1st period - Shot Misses the Net.
6:55 of 1st period - Snap shot by Tim Stutzle.
6:55 of 1st period - Stopped by Cam Talbot with a rebound.
6:57 of 1st period - Wrist shot by Vince Dunn.
6:57 of 1st period - Stopped by Cam Talbot without a rebound.
6:58 of 1st period - Sean Couturier wins face-off versus Kevin Hayes in Vancouver Canucks zone.
7:28 of 1st period - Jesperi Kotkaniemi is hit by Casey Cizikas and loses puck.
7:40 of 1st period - Icing by Miro Heiskanen.
7:41 of 1st period - Michael Bunting wins face-off versus Anton Lundell in Vancouver Canucks zone.
8:15 of 1st period - Slapshot by Quinn Hughes.
8:15 of 1st period - Shot Blocked by Sean Couturier.
8:39 of 1st period - Slapshot by Tim Stutzle.
8:39 of 1st period - Stopped by Cam Talbot with a rebound.
8:41 of 1st period - Slapshot by Darren Raddysh.
8:41 of 1st period - Stopped by Cam Talbot without a rebound.
8:42 of 1st period - Tim Stutzle wins face-off versus Clayton Keller in Vancouver Canucks zone.
8:51 of 1st period - Snap shot by Kyle Connor.
8:51 of 1st period - Shot Misses the Net.
9:01 of 1st period - Wrist shot by Tim Stutzle.
9:01 of 1st period - Stopped by Cam Talbot with a rebound.
10:01 of 1st period - Wrist shot by Artturi Lehkonen.
10:01 of 1st period - Stopped by Arvid Soderblom with a rebound.
10:11 of 1st period - Tim Stutzle is hit by Mikko Rantanen and loses puck.
10:26 of 1st period - Snap shot by Tim Stutzle.
10:26 of 1st period - Stopped by Cam Talbot with a rebound.
10:28 of 1st period - Wrist shot by Darren Raddysh.
10:28 of 1st period - Shot Blocked by Clayton Keller.
10:30 of 1st period - Wrist shot by Tim Stutzle.
10:30 of 1st period - Shot Blocked by Joel Hanley.
10:32 of 1st period - Slapshot by Cam Fowler.
10:32 of 1st period - Shot Blocked by Ryan McDonagh.
11:16 of 1st period - Slapshot by Tim Stutzle.
11:16 of 1st period - Deflect By Pavel Dorofeyev.
11:16 of 1st period - Deflect By Mikko Rantanen.
11:16 of 1st period - Stopped by Cam Talbot without a rebound.
11:17 of 1st period - Elias Pettersson wins face-off versus Anton Lundell in Vancouver Canucks zone.
11:18 of 1st period - Snap shot by David Pastrnak.
11:18 of 1st period - Stopped by Cam Talbot with a rebound.
11:31 of 1st period - Slapshot by Aleksander Barkov.
11:31 of 1st period - Shot Misses the Net.
11:43 of 1st period - Danton Heinen is hit by Sean Couturier and loses puck.
12:04 of 1st period - Snap shot by Michael Bunting.
12:04 of 1st period - Shot Blocked by Emil Martinsen Lilleberg.
12:30 of 1st period - Snap shot by Aleksander Barkov.
12:30 of 1st period - Shot Blocked by David Pastrnak.
12:32 of 1st period - Snap shot by Jake Bean.
12:32 of 1st period - Deflect By Jesper Bratt.
12:32 of 1st period - Stopped by Arvid Soderblom with a rebound.
12:34 of 1st period - Snap shot by Anton Lundell.
12:34 of 1st period - Goal by Anton Lundell - Vancouver Canucks : 2 - Colorado Rockies : 0.
12:35 of 1st period - Aleksander Barkov wins face-off versus Elias Pettersson in neutral zone.
13:00 of 1st period - Noah Hanifin is hit by Casey Cizikas and loses puck.
13:27 of 1st period - Wrist shot by Miro Heiskanen.
13:27 of 1st period - Shot Blocked by Andrew Peeke.
13:39 of 1st period - Snap shot by Elias Pettersson.
13:39 of 1st period - Stopped by Cam Talbot with a rebound.
13:41 of 1st period - Snap shot by Elias Pettersson.
13:41 of 1st period - Stopped by Cam Talbot with a rebound.
14:16 of 1st period - Darren Raddysh is hit by Matias Maccelli and loses puck.
14:40 of 1st period - Quinn Hughes is hit by Bobby McMann and loses puck.
14:51 of 1st period - Brett Leason is hit by Casey Cizikas and loses puck.
15:02 of 1st period - Elias Pettersson is hit by Aleksander Barkov and loses puck.
17:29 of 1st period - Elias Pettersson is hit by Aleksander Barkov and loses puck.
17:49 of 1st period - Minor Penalty to Casey Mittelstadt for Roughing.
17:50 of 1st period - Tim Stutzle wins face-off versus Anton Lundell in Vancouver Canucks zone.
17:57 of 1st period - Wrist shot by Tim Stutzle.
17:57 of 1st period - Shot Misses the Net.
17:59 of 1st period - Slapshot by Darren Raddysh.
17:59 of 1st period - Shot Misses the Net.
19:17 of 1st period - Aleksander Barkov is hit by Elias Pettersson and loses puck.
19:49 of 1st period - Penalty to Casey Mittelstadt is over, Casey Mittelstadt is back on ice.
Goals for this period are 2 for Vancouver Canucks vs 0 for Colorado Rockies.
Shots for this period are 8 for Vancouver Canucks vs 12 for Colorado Rockies.

2nd period


0:01 of 2nd period - Kevin Hayes wins face-off versus Clayton Keller in neutral zone.
0:30 of 2nd period - Wrist shot by Casey Cizikas.
0:30 of 2nd period - Stopped by Cam Talbot without a rebound.
0:31 of 2nd period - Aleksander Barkov wins face-off versus Casey Cizikas in Vancouver Canucks zone.
1:04 of 2nd period - Wrist shot by Aleksander Barkov.
1:04 of 2nd period - Deflect By Connor Zary.
1:04 of 2nd period - Shot Misses the Net.
1:04 of 2nd period - Puck is out of play.
1:05 of 2nd period - Artturi Lehkonen wins face-off versus David Pastrnak in Colorado Rockies zone.
1:06 of 2nd period - Wrist shot by Clayton Keller.
1:06 of 2nd period - Stopped by Arvid Soderblom without a rebound.
1:07 of 2nd period - Elias Pettersson wins face-off versus Clayton Keller in Colorado Rockies zone.
1:55 of 2nd period - Off-side.
1:56 of 2nd period - Connor Zary wins face-off versus Tim Stutzle in neutral zone.
2:44 of 2nd period - Off-side.
2:45 of 2nd period - Casey Cizikas wins face-off versus Aleksander Barkov in neutral zone.
2:50 of 2nd period - Wrist shot by Philipp Kurashev.
2:50 of 2nd period - Stopped by Cam Talbot without a rebound.
2:51 of 2nd period - Casey Cizikas wins face-off versus Aleksander Barkov in Vancouver Canucks zone.
2:58 of 2nd period - Slapshot by Aleksander Barkov.
2:58 of 2nd period - Shot Blocked by Danton Heinen.
3:13 of 2nd period - Wrist shot by Casey Cizikas.
3:13 of 2nd period - Stopped by Cam Talbot with a rebound.
3:23 of 2nd period - Danton Heinen is hit by Anton Lundell and loses puck.
3:40 of 2nd period - Wrist shot by Casey Cizikas.
3:40 of 2nd period - Goal by Casey Cizikas - Vancouver Canucks : 2 - Colorado Rockies : 1.
3:41 of 2nd period - Kevin Hayes wins face-off versus Mikko Rantanen in neutral zone.
3:44 of 2nd period - Slapshot by Michael Bunting.
3:44 of 2nd period - Stopped by Cam Talbot without a rebound.
3:45 of 2nd period - Mikko Rantanen wins face-off versus Kevin Hayes in Vancouver Canucks zone.
3:54 of 2nd period - Snap shot by Mikko Rantanen.
3:54 of 2nd period - Deflect By Nick Schmaltz.
3:54 of 2nd period - Stopped by Arvid Soderblom with a rebound.
3:56 of 2nd period - Slapshot by Jake Bean.
3:56 of 2nd period - Shot Misses the Net.
3:58 of 2nd period - Wrist shot by Emil Martinsen Lilleberg.
3:58 of 2nd period - Shot Misses the Net.
4:00 of 2nd period - Slapshot by Jake Bean.
4:00 of 2nd period - Stopped by Arvid Soderblom without a rebound.
4:01 of 2nd period - Elias Pettersson wins face-off versus Sean Couturier in Colorado Rockies zone.
4:25 of 2nd period - Icing by Miro Heiskanen.
4:26 of 2nd period - Kevin Hayes wins face-off versus Clayton Keller in Vancouver Canucks zone.
4:53 of 2nd period - Snap shot by Sean Couturier.
4:53 of 2nd period - Shot Misses the Net.
4:55 of 2nd period - Snap shot by Sean Couturier.
4:55 of 2nd period - Shot Misses the Net.
5:00 of 2nd period - Minor Penalty to Jesper Bratt for Hooking.
5:01 of 2nd period - Casey Mittelstadt wins face-off versus Casey Cizikas in Colorado Rockies zone.
5:05 of 2nd period - Snap shot by Casey Mittelstadt.
5:05 of 2nd period - Shot Misses the Net.
5:07 of 2nd period - Wrist shot by Connor Zary.
5:07 of 2nd period - Shot Blocked by Casey Cizikas.
5:09 of 2nd period - Snap shot by Casey Mittelstadt.
5:09 of 2nd period - Stopped by Arvid Soderblom without a rebound.
5:10 of 2nd period - Casey Cizikas wins face-off versus Casey Mittelstadt in Colorado Rockies zone.
5:18 of 2nd period - Off-side.
5:19 of 2nd period - Clayton Keller wins face-off versus Tim Stutzle in neutral zone.
5:48 of 2nd period - Connor Zary is hit by Casey Cizikas and loses puck.
7:00 of 2nd period - Penalty to Jesper Bratt is over, Jesper Bratt is back on ice.
7:42 of 2nd period - Snap shot by David Pastrnak.
7:42 of 2nd period - Shot Misses the Net.
7:56 of 2nd period - Kevin Hayes is hit by Emil Martinsen Lilleberg and loses puck.
8:23 of 2nd period - Casey Cizikas is hit by Bobby McMann and loses puck.
9:00 of 2nd period - Connor Zary is hit by Kyle Connor.
9:18 of 2nd period - Jesperi Kotkaniemi is hit by Cam Fowler and loses puck.
9:49 of 2nd period - Wrist shot by Casey Mittelstadt.
9:49 of 2nd period - Deflect By Brett Leason.
9:49 of 2nd period - Shot Blocked by Quinn Hughes.
9:49 of 2nd period - Puck is out of play.
9:50 of 2nd period - Casey Mittelstadt wins face-off versus Elias Pettersson in Colorado Rockies zone.
10:13 of 2nd period - Snap shot by Elias Pettersson.
10:13 of 2nd period - Shot Misses the Net.
10:21 of 2nd period - Snap shot by Connor Zary.
10:21 of 2nd period - Shot Misses the Net.
10:36 of 2nd period - Off-side.
10:37 of 2nd period - Kevin Hayes wins face-off versus Sean Couturier in neutral zone.
10:44 of 2nd period - Snap shot by Michael Bunting.
10:44 of 2nd period - Stopped by Cam Talbot with a rebound.
11:07 of 2nd period - Slapshot by Noah Hanifin.
11:07 of 2nd period - Deflect By Philipp Kurashev.
11:07 of 2nd period - Stopped by Arvid Soderblom with a rebound.
11:23 of 2nd period - Slapshot by Miro Heiskanen.
11:23 of 2nd period - Shot Blocked by Cam Fowler.
11:25 of 2nd period - Snap shot by Anton Lundell.
11:25 of 2nd period - Stopped by Arvid Soderblom without a rebound.
11:26 of 2nd period - Tim Stutzle wins face-off versus Clayton Keller in Colorado Rockies zone.
11:33 of 2nd period - Snap shot by Clayton Keller.
11:33 of 2nd period - Deflect By Mikko Rantanen.
11:33 of 2nd period - Stopped by Arvid Soderblom without a rebound.
11:34 of 2nd period - Kevin Hayes wins face-off versus Clayton Keller in Colorado Rockies zone.
12:12 of 2nd period - Slapshot by Aleksander Barkov.
12:12 of 2nd period - Stopped by Arvid Soderblom with a rebound.
12:28 of 2nd period - Snap shot by Bobby McMann.
12:28 of 2nd period - Stopped by Arvid Soderblom without a rebound.
12:29 of 2nd period - Clayton Keller wins face-off versus Kevin Hayes in Colorado Rockies zone.
13:05 of 2nd period - Snap shot by Tim Stutzle.
13:05 of 2nd period - Shot Misses the Net.
13:07 of 2nd period - Backhand shot by Quinn Hughes.
13:07 of 2nd period - Stopped by Cam Talbot with a rebound.
13:34 of 2nd period - Icing by David Pastrnak.
13:35 of 2nd period - Casey Cizikas wins face-off versus Sean Couturier in Colorado Rockies zone.
13:48 of 2nd period - Slapshot by Sean Couturier.
13:48 of 2nd period - Goal by Sean Couturier - Vancouver Canucks : 3 - Colorado Rockies : 1.
13:49 of 2nd period - Clayton Keller wins face-off versus Kevin Hayes in neutral zone.
13:52 of 2nd period - Martin Fehervary is hit by Clayton Keller.
13:59 of 2nd period - Icing by Michael Bunting.
14:00 of 2nd period - Michael Bunting wins face-off versus Clayton Keller in Colorado Rockies zone.
15:07 of 2nd period - Wrist shot by Nick Schmaltz.
15:07 of 2nd period - Stopped by Cam Talbot without a rebound.
15:08 of 2nd period - Casey Mittelstadt wins face-off versus Kyle Connor in Vancouver Canucks zone.
15:25 of 2nd period - Vince Dunn is hit by Ryan McDonagh and loses puck.
15:55 of 2nd period - Pavel Dorofeyev is hit by Casey Mittelstadt and loses puck.
16:16 of 2nd period - Slapshot by Casey Mittelstadt.
16:16 of 2nd period - Deflect By Brett Leason.
16:16 of 2nd period - Stopped by Arvid Soderblom with a rebound.
16:18 of 2nd period - Slapshot by Jake Bean.
16:18 of 2nd period - Shot Blocked by Vince Dunn.
16:20 of 2nd period - Snap shot by Casey Mittelstadt.
16:20 of 2nd period - Shot Blocked by Andrew Peeke.
16:26 of 2nd period - Wrist shot by Brett Leason.
16:26 of 2nd period - Stopped by Arvid Soderblom with a rebound.
16:28 of 2nd period - Slapshot by Jake Bean.
16:28 of 2nd period - Stopped by Arvid Soderblom without a rebound.
16:29 of 2nd period - Casey Cizikas wins face-off versus Clayton Keller in Colorado Rockies zone.
16:48 of 2nd period - Icing by Darren Raddysh.
16:49 of 2nd period - Aleksander Barkov wins face-off versus Casey Cizikas in Colorado Rockies zone.
16:52 of 2nd period - Slapshot by Connor Zary.
16:52 of 2nd period - Stopped by Arvid Soderblom without a rebound.
16:53 of 2nd period - Elias Pettersson wins face-off versus Aleksander Barkov in Colorado Rockies zone.
17:00 of 2nd period - Snap shot by Elias Pettersson.
17:00 of 2nd period - Shot Misses the Net.
17:02 of 2nd period - Wrist shot by Elias Pettersson.
17:02 of 2nd period - Shot Misses the Net.
17:04 of 2nd period - Slapshot by Cam Fowler.
17:04 of 2nd period - Shot Blocked by Noah Hanifin.
17:06 of 2nd period - Wrist shot by Jesper Bratt.
17:06 of 2nd period - Stopped by Cam Talbot without a rebound.
17:07 of 2nd period - Clayton Keller wins face-off versus Casey Cizikas in Vancouver Canucks zone.
17:07 of 2nd period - Clayton Keller is hit by Casey Cizikas.
17:17 of 2nd period - Slapshot by Casey Cizikas.
17:17 of 2nd period - Stopped by Cam Talbot with a rebound.
17:19 of 2nd period - Wrist shot by Martin Fehervary.
17:19 of 2nd period - Stopped by Cam Talbot with a rebound.
17:21 of 2nd period - Wrist shot by Casey Cizikas.
17:21 of 2nd period - Stopped by Cam Talbot with a rebound.
17:41 of 2nd period - Wrist shot by David Pastrnak.
17:41 of 2nd period - Stopped by Cam Talbot with a rebound.
17:43 of 2nd period - Snap shot by Quinn Hughes.
17:43 of 2nd period - Stopped by Cam Talbot with a rebound.
18:24 of 2nd period - Slapshot by Casey Mittelstadt.
18:24 of 2nd period - Deflect By Brett Leason.
18:24 of 2nd period - Stopped by Arvid Soderblom with a rebound.
18:26 of 2nd period - Snap shot by Ryan McDonagh.
18:26 of 2nd period - Shot Misses the Net.
18:36 of 2nd period - Mikko Rantanen is hit by Casey Cizikas and loses puck.
18:46 of 2nd period - Off-side.
18:47 of 2nd period - Aleksander Barkov wins face-off versus Elias Pettersson in neutral zone.
19:16 of 2nd period - Snap shot by Artturi Lehkonen.
19:16 of 2nd period - Stopped by Arvid Soderblom with a rebound.
Goals for this period are 1 for Vancouver Canucks vs 1 for Colorado Rockies.
Shots for this period are 16 for Vancouver Canucks vs 14 for Colorado Rockies.

3rd period


0:01 of 3rd period - Clayton Keller wins face-off versus Elias Pettersson in neutral zone.
0:30 of 3rd period - Minor Penalty to Vince Dunn for Holding.
0:31 of 3rd period - Casey Cizikas wins face-off versus Casey Mittelstadt in Colorado Rockies zone.
0:47 of 3rd period - Casey Cizikas is hit by Casey Mittelstadt and loses puck.
0:59 of 3rd period - Icing by Clayton Keller.
1:00 of 3rd period - Aleksander Barkov wins face-off versus Tim Stutzle in Vancouver Canucks zone.
1:21 of 3rd period - Martin Fehervary is hit by Miro Heiskanen and loses puck.
2:28 of 3rd period - Wrist shot by Miro Heiskanen.
2:28 of 3rd period - Stopped by Arvid Soderblom without a rebound.
2:29 of 3rd period - Tim Stutzle wins face-off versus Casey Mittelstadt in Colorado Rockies zone.
2:30 of 3rd period - Penalty to Vince Dunn is over, Vince Dunn is back on ice.
3:02 of 3rd period - Wrist shot by Casey Mittelstadt.
3:02 of 3rd period - Shot Misses the Net.
3:04 of 3rd period - Slapshot by Ryan McDonagh.
3:04 of 3rd period - Shot Misses the Net.
3:06 of 3rd period - Slapshot by Joel Hanley.
3:06 of 3rd period - Shot Blocked by Darren Raddysh.
3:08 of 3rd period - Wrist shot by Connor Zary.
3:08 of 3rd period - Shot Misses the Net.
3:10 of 3rd period - Snap shot by Ryan McDonagh.
3:10 of 3rd period - Shot Misses the Net.
3:12 of 3rd period - Slapshot by Joel Hanley.
3:12 of 3rd period - Stopped by Arvid Soderblom without a rebound.
3:13 of 3rd period - Casey Cizikas wins face-off versus Sean Couturier in Colorado Rockies zone.
3:38 of 3rd period - Jake Bean is hit by Nick Schmaltz and loses puck.
4:20 of 3rd period - Casey Cizikas is hit by Noah Hanifin and loses puck.
4:32 of 3rd period - Noah Hanifin is hit by Michael Bunting and loses puck.
5:00 of 3rd period - Sean Couturier is hit by Darren Raddysh and loses puck.
6:25 of 3rd period - Michael Bunting is hit by Anton Lundell and loses puck.
6:32 of 3rd period - Backhand shot by Connor Zary.
6:32 of 3rd period - Deflect By Nick Schmaltz.
6:32 of 3rd period - Stopped by Arvid Soderblom with a rebound.
6:49 of 3rd period - Snap shot by Clayton Keller.
6:49 of 3rd period - Shot Misses the Net.
6:57 of 3rd period - Snap shot by Danton Heinen.
6:57 of 3rd period - Stopped by Cam Talbot with a rebound.
6:59 of 3rd period - Snap shot by Danton Heinen.
6:59 of 3rd period - Goal by Danton Heinen - Vancouver Canucks : 3 - Colorado Rockies : 2.
7:00 of 3rd period - Elias Pettersson wins face-off versus Clayton Keller in neutral zone.
7:07 of 3rd period - Slapshot by David Pastrnak.
7:07 of 3rd period - Stopped by Cam Talbot with a rebound.
7:09 of 3rd period - Snap shot by Jesper Bratt.
7:09 of 3rd period - Stopped by Cam Talbot with a rebound.
7:11 of 3rd period - Wrist shot by David Pastrnak.
7:11 of 3rd period - Stopped by Cam Talbot without a rebound.
7:12 of 3rd period - Mikko Rantanen wins face-off versus Elias Pettersson in Vancouver Canucks zone.
7:28 of 3rd period - Minor Penalty to Artturi Lehkonen for Roughing.
7:29 of 3rd period - Aleksander Barkov wins face-off versus Elias Pettersson in Vancouver Canucks zone.
9:28 of 3rd period - Penalty to Artturi Lehkonen is over, Artturi Lehkonen is back on ice.
9:47 of 3rd period - Slapshot by Danton Heinen.
9:47 of 3rd period - Stopped by Cam Talbot with a rebound.
9:49 of 3rd period - Slapshot by Quinn Hughes.
9:49 of 3rd period - Stopped by Cam Talbot with a rebound.
9:51 of 3rd period - Snap shot by Danton Heinen.
9:51 of 3rd period - Deflect By Philipp Kurashev.
9:51 of 3rd period - Stopped by Cam Talbot with a rebound.
9:53 of 3rd period - Snap shot by Martin Fehervary.
9:53 of 3rd period - Stopped by Cam Talbot with a rebound.
10:07 of 3rd period - Wrist shot by Pavel Dorofeyev.
10:07 of 3rd period - Shot Misses the Net.
10:43 of 3rd period - Kyle Connor is hit by Emil Martinsen Lilleberg and loses puck.
11:22 of 3rd period - Kevin Hayes is hit by Jesperi Kotkaniemi and loses puck.
11:33 of 3rd period - Casey Cizikas is hit by Connor Zary and loses puck.
11:46 of 3rd period - Quinn Hughes is hit by Mikko Rantanen and loses puck.
12:07 of 3rd period - Minor Penalty to Quinn Hughes for High sticking.
12:08 of 3rd period - Casey Cizikas wins face-off versus Casey Mittelstadt in Colorado Rockies zone.
12:28 of 3rd period - Connor Zary is hit by Tim Stutzle and loses puck.
12:41 of 3rd period - Slapshot by Clayton Keller.
12:41 of 3rd period - Shot Blocked by Casey Cizikas.
12:53 of 3rd period - Slapshot by Clayton Keller.
12:53 of 3rd period - Stopped by Arvid Soderblom with a rebound.
14:07 of 3rd period - Penalty to Quinn Hughes is over, Quinn Hughes is back on ice.
14:44 of 3rd period - Slapshot by Jake Bean.
14:44 of 3rd period - Stopped by Arvid Soderblom without a rebound.
14:45 of 3rd period - Jesperi Kotkaniemi wins face-off versus Tim Stutzle in Colorado Rockies zone.
14:46 of 3rd period - Slapshot by Miro Heiskanen.
14:46 of 3rd period - Shot Blocked by Vince Dunn.
14:48 of 3rd period - Slapshot by Jesperi Kotkaniemi.
14:48 of 3rd period - Stopped by Arvid Soderblom with a rebound.
14:50 of 3rd period - Wrist shot by Matias Maccelli.
14:50 of 3rd period - Stopped by Arvid Soderblom with a rebound.
14:52 of 3rd period - Snap shot by Matias Maccelli.
14:52 of 3rd period - Stopped by Arvid Soderblom without a rebound.
14:53 of 3rd period - Clayton Keller wins face-off versus Elias Pettersson in Colorado Rockies zone.
15:10 of 3rd period - Slapshot by Miro Heiskanen.
15:10 of 3rd period - Stopped by Arvid Soderblom without a rebound.
15:11 of 3rd period - Casey Cizikas wins face-off versus Sean Couturier in Colorado Rockies zone.
15:36 of 3rd period - Clayton Keller is hit by Kevin Hayes and loses puck.
15:59 of 3rd period - Snap shot by Casey Mittelstadt.
15:59 of 3rd period - Shot Blocked by Martin Fehervary.
16:01 of 3rd period - Snap shot by Brett Leason.
16:01 of 3rd period - Deflect By Matias Maccelli.
16:01 of 3rd period - Stopped by Arvid Soderblom without a rebound.
16:02 of 3rd period - Casey Cizikas wins face-off versus Casey Mittelstadt in Colorado Rockies zone.
16:52 of 3rd period - Wrist shot by Brett Leason.
16:52 of 3rd period - Stopped by Arvid Soderblom with a rebound.
17:39 of 3rd period - Slapshot by Casey Mittelstadt.
17:39 of 3rd period - Stopped by Arvid Soderblom with a rebound.
17:41 of 3rd period - Wrist shot by Casey Mittelstadt.
17:41 of 3rd period - Shot Misses the Net.
18:13 of 3rd period - Off-side.
18:14 of 3rd period - Casey Cizikas wins face-off versus Sean Couturier in neutral zone.
18:37 of 3rd period - Colorado Rockies, Arvid Soderblom is pulled from the net.
18:45 of 3rd period - Snap shot by Mikko Rantanen.
18:45 of 3rd period - Goal by Mikko Rantanen - Vancouver Canucks : 4 - Colorado Rockies : 2.
18:45 of 3rd period - Arvid Soderblom from Colorado Rockies was sent back in the game.
18:46 of 3rd period - Casey Cizikas wins face-off versus Sean Couturier in neutral zone.
18:59 of 3rd period - Snap shot by Bobby McMann.
18:59 of 3rd period - Shot Misses the Net.
19:01 of 3rd period - Snap shot by Sean Couturier.
19:01 of 3rd period - Shot Blocked by Cam Fowler.
Goals for this period are 1 for Vancouver Canucks vs 1 for Colorado Rockies.
Shots for this period are 13 for Vancouver Canucks vs 9 for Colorado Rockies.